 Dungeon Crawl Stone Soup version 0.20-a0-792-g09bcfd3 (webtiles) character file.

1908 nono the Skirmisher (level 9, -1/50 HPs)
             Began as a Vine Stalker Hunter on Feb 28, 2017.
             Was a Priest of Okawaru.
             Shot with a bolt by an orc warrior (5 damage)
             ... in a bailey.
             The game lasted 00:15:30 (2280 turns).

nono the Skirmisher (Vine Stalker Hunter)           Turns: 2280, Time: 00:15:30

Health: -1/50      AC:  5    Str: 22    XL:     9   Next: 16%
Magic:  0/19       EV: 16    Int: 17    God:    Okawaru [***...]
Gold:   154        SH:  0    Dex: 16    Spells: 8/8 levels left

rFire    . . .     SeeInvis .   H - +0 dagger (chaos)
rCold    + . .     Gourm    .   A - +1 leather armour {rC+}
rNeg     . . .     Faith    .   (no shield)
rPois    .         Spirit   +   d - +0 helmet
rElec    .         Reflect  .   (no cloak)
rCorr    .         Harm     .   (no gloves)
MR       +....                  (no boots)
Stlth    +++.......             (no amulet)
Regen    0.6/turn               y - +6 ring of intelligence
MPRegen  0.2/turn               I - ring of magical power

@: mighty, heroism
A: fangs 3, regeneration 1, magic shield, antimagic bite, no potion heal 3, rot
immunity
a: Heroism, Renounce Religion


You were in a bailey.
You worshipped Okawaru.
Okawaru was most pleased with you.
You were near starving.

You visited 1 branch of the dungeon, and saw 7 of its levels.
You also visited: Bailey.

You collected 154 gold pieces.

Inventory:

Hand Weapons
 a - a +0 short sword
 l - a +1 dagger of venom
 H - a +0 dagger of chaos (weapon)
Missiles
 g - 7 javelins (quivered)
 E - a throwing net
Armour
 b - a +0 leather armour
 d - a +0 helmet (worn)
 A - a +1 leather armour of cold resistance (worn)
 M - a +0 plate armour
Jewellery
 k - an uncursed ring of wizardry
 y - a +6 ring of intelligence (right hand)
 I - a ring of magical power (left hand)
Wands
 K - a wand of flame (30/48)
 L - a wand of random effects (15/48)
Scrolls
 h - a scroll of enchant weapon {unknown}
 m - a scroll of remove curse {unknown}
 r - a scroll of teleportation {unknown}
 s - a scroll of enchant armour
 u - a scroll of fog
 x - 3 scrolls of random uselessness
 B - 2 scrolls of identify
 D - a scroll of blinking {unknown}
 J - a scroll of amnesia {unknown}
Potions
 c - 3 potions of curing {unknown}
 e - a potion of might
 i - a potion of haste {unknown}
 j - a potion of cancellation {unknown}
 n - a potion of heal wounds {unknown}
 o - a potion of flight
 q - a potion of brilliance {unknown}
 v - 2 potions of degeneration {unknown}
 w - a potion of magic {unknown}
 z - 2 potions of agility {unknown}
 G - a potion of berserk rage {unknown}
Comestibles
 f - 3 bread rations
 p - a royal jelly
 t - 3 meat rations
 C - 2 fruits


   Skills:
 + Level 7.6(12.6) Fighting
 + Level 7.3(12.3) Short Blades
 - Level 4.0(9.0) Throwing
 - Level 1.5(6.5) Dodging
 - Level 1.2(6.2) Stealth


You had 8 spell levels left.
You didn't know any spells.

Dungeon Overview and Level Annotations

Branches:
Dungeon (7/15)
 Temple: D:4-7

Altars:
Elyvilon
Hepliaklqana
Makhleb
Okawaru
Trog
Uskayaw
Wu Jian
Xom


Innate Abilities, Weirdness & Mutations

You have razor-sharp teeth.
Your natural rate of healing is unusually fast.
When hurt, damage is shared between your health and your magic reserves.
Your bite disrupts and absorbs the magic of your enemies.
Potions cannot restore your health.
You are immune to rotting.


Message History

The orc warrior hits you with a glaive!!
* * * LOW HITPOINT WARNING * * *
An orc warrior comes into view. It is wielding a halberd.
Things that are here:
a halberd; a chain mail; 3 bolts Unknown command.
The orc warrior shouts!
You hit the orc warrior. You freeze the orc warrior. You bite the orc warrior.
You drain its power.
You feel invigorated.
The orc warrior is heavily wounded.
Unknown command.
You closely miss the orc warrior. You bite the orc warrior!
You drain its power.
You feel invigorated.
The orc warrior is almost dead.
The orc warrior shoots a bolt.
The bolt barely misses you.
The orc warrior shoots a bolt.
The bolt hits you!!
* * * LOW HITPOINT WARNING * * *
The orc warrior misses you.
The orc warrior shoots a bolt.
The bolt hits you!
You die...

### ##### ##∩##
#####
..o..##...##.....
.≈≈≈o.#...#..≈≈≈.
≈≈)≈≈.......≈≈o≈≈
≈..{≈.......≈ooo≈
≈≈)≈≈..o....≈≈o≈≈
#)..# #.@.# ##∩##
###


You could see an orc knight and 4 orc warriors.

Vanquished Creatures
  An orc knight (Bailey)
  2 ice beasts (D:7)
  3 orc warriors
  A necrophage (D:7)
  The ghost of nono the Chucker, an amateur VSHu of Uskayaw (D:5)
  2 bullfrogs (D:7)
  A scorpion (D:7)
  3 wights (D:7)
  2 howler monkeys (D:7)
  2 crimson imps (D:7)
  A jelly (D:5)
  An orc priest (D:3)
  A hound (D:6)
  A bullfrog skeleton (D:7)
  3 orc wizards
  A worker ant (D:6)
  A worker ant zombie (D:7)
  Robin (D:2)
  3 adders
  3 gnolls (D:6)
  2 shadow imps (D:7)
  A dart slug (D:2)
  12 orcs
  2 ball pythons
  3 giant cockroaches (D:2)
  16 goblins
  6 hobgoblins
  7 jackals
  2 quokkas
  3 bats
  2 frilled lizards (D:3)
  A jackal skeleton (D:3)
  8 kobolds
  A quokka zombie (D:6)
  2 rats
102 creatures vanquished.

Notes
Turn   | Place    | Note
-------+----------+-------------------------------------------
     0 | D:1      | nono the Vine Stalker Hunter began the quest for the Orb.
     0 | D:1      | Reached XP level 1. HP: 11/11 MP: 2/2
   117 | D:1      | Reached XP level 2. HP: 9/15 MP: 3/3
   179 | D:2      | Found an iron altar of Okawaru.
   196 | D:2      | Reached XP level 3. HP: 14/18 MP: 4/4
   198 | D:2      | Reached skill level 1 in Short Blades
   201 | D:2      | Noticed Robin
   243 | D:2      | Killed Robin
   269 | D:2      | Became a worshipper of Warmaster Okawaru
   309 | D:2      | Found a hide-covered altar of Uskayaw.
   351 | D:2      | Gained mutation: Your natural rate of healing is unusually fast. [Vine Stalker growth]
   351 | D:2      | Reached XP level 4. HP: 3/23 MP: 3/5
   499 | D:3      | Found an ornate altar of the Wu Jian Council.
   501 | D:3      | Found a hazy altar of Hepliaklqana.
   503 | D:3      | Found a white marble altar of Elyvilon.
   656 | D:3      | Noticed an orc warrior
   692 | D:3      | Killed an orc warrior
   692 | D:3      | Reached * piety under Okawaru
   692 | D:3      | Reached XP level 5. HP: 17/28 MP: 3/6
   696 | D:3      | Reached XP level 6. HP: 3/33 MP: 1/7
  1074 | D:5      | Entered Level 5 of the Dungeon
  1179 | D:5      | Noticed nono's ghost (amateur VSHu)
  1203 | D:5      | Killed nono's ghost
  1560 | D:7      | Found a burning altar of Makhleb.
  1560 | D:7      | Found a shimmering altar of Xom.
  1570 | D:7      | Reached XP level 7. HP: 35/38 MP: 8/8
  1775 | D:7      | Reached ** piety under Okawaru
  1775 | D:7      | Reached skill level 5 in Fighting
  1796 | D:7      | Reached skill level 5 in Short Blades
  1857 | D:7      | Gained mutation: You have razor-sharp teeth. [Vine Stalker growth]
  1857 | D:7      | Reached XP level 8. HP: 40/44 MP: 9/9
  1949 | D:7      | Found a bloodstained altar of Trog.
  2042 | D:7      | Reached *** piety under Okawaru
  2229 | D:7      | Found a flagged portal.
  2251 | Bailey   | Entered a bailey
  2252 | Bailey   | Noticed an orc knight
  2252 | Bailey   | Noticed an orc knight
  2276 | Bailey   | Killed an orc knight
  2276 | Bailey   | Received a gift from Okawaru
  2276 | Bailey   | Reached XP level 9. HP: 20/50 MP: 10/10
  2280 | Bailey   | Shot with a bolt by an orc warrior

Vault maps used:
D:1:      dpeg_arrival_radiant, serial_bayou_crossing
D:2:      lemuel_zombie_altar_yredelemnul, okawaru_trees_1,
          overflow_temple_1_default, st_stairs_11, grunt_ministairs_15,
          uniq_robin, uniq_terence
D:3:      wad_crossroads, grunt_temple_overflow_diamond, first_bread,
          serial_undead, serial_undead_c, serial_undead_b, serial_undead_e,
          serial_undead_c
D:4:      lemuel_crystal_altar, minmay_temple_entry_grid,
          nicolae_qazlal_general_emergency
D:5:      overflow_temple_1_default, cheibrodos_worm_habitat
D:6:      kennysheep_generic_room_8, uniq_crazy_yiuf_cottage
D:7:      grunt_temple_overflow_champion_of_chaos, enter_bailey_2, bloody_trog
Bailey:   bailey_polearm_4, bailey

Skill      XL: |  1  2  3  4  5  6  7  8 |
---------------+-------------------------+-----
Throwing       | 4 |  4.0
Fighting       | 2 3 4 5 7 |  7.6
Short Blades   | 1 3 4 5 7 |  7.3
Dodging        | |  1.5
Stealth        | |  1.2

Action                   |  1- 3 |  4- 6 |  7- 9 || total
-------------------------+-------+-------+-------++-------
Melee: Short sword       |    48 |       |       ||    48
       Bite              |    12 |    39 |    51 ||   102
       Dagger            |       |   149 |   150 ||   299
       Punch             |       |     3 |     2 ||     5
Throw: Javelin           |    25 |     6 |       ||    31
       Throwing net      |     2 |       |       ||     2
Invok: Heroism           |       |     2 |     3 ||     5
Evoke: Wand              |       |       |    10 ||    10
  Use: Potion            |     1 |     1 |     1 ||     3
       Scroll            |       |     3 |     2 ||     5
 Stab: Sleeping          |     2 |       |       ||     2
       Held in net/web   |     1 |       |       ||     1
       Confused          |       |       |     1 ||     1
  Eat: Chunk             |       |     2 |     1 ||     3
Armor: Leather armour    |    16 |    26 |    20 ||    62
Dodge: Dodged            |    39 |    79 |    64 ||   182
